 Dungeon Crawl Stone Soup version 0.28-a0-872-g80cf8599ee (webtiles) character file.

Game seed: 9613048638894523423

356 sanka the Chopper (level 6, -2/50 HPs)
             Began as a Palentonga Abyssal Knight on Nov 20, 2021.
             Was a Believer of Lugonu.
             Slain by a scorpion (5 damage)
             ... on level 5 of the Dungeon.
             The game lasted 00:05:06 (4223 turns).

sanka the Chopper (Palentonga Abyssal Knight)       Turns: 4223, Time: 00:05:07

Health: -2/50      AC:  4    Str: 18    XL:     6   Next: 36%
Magic:  9/9        EV: 13    Int: 11    God:    Lugonu [**....]
Gold:   138        SH:  0    Dex: 16    Spells: 5/5 levels left

rFire   . . .      SeeInvis +   a - +1 hand axe
rCold   . . .      Faith    .   (no shield)
rNeg    . . .      Spirit   .   b - +0 leather armour
rPois   .          Reflect  .   (no helmet)
rElec   .          Harm     .   (no cloak)
rCorr   .          Rampage  .   (no gloves)
Will    .....                   (no barding)
Stlth   +.........              (no amulet)
HPRegen 0.16/turn               g - +6 ring of dexterity
MPRegen 0.11/turn               i - +4 ring of evasion

@: lethally poisoned (-2 -> -13), attractive, studying Short Blades
A: large, rugged brown scales 3, see invisible, deformed body, roll 1, armoured
tail
a: Rolling Charge, Renounce Religion, Depart the Abyss, Bend Space


You were on level 5 of the Dungeon.
You worshipped Lugonu.
Lugonu was pleased with you.
You visited 1 branch of the dungeon, and saw 4 of its levels.
You visited the Abyss 1 time.

You collected 138 gold pieces.


Innate Abilities, Weirdness & Mutations

You are completely covered in rugged brown scales. (AC +3, +7% HP)
You have supernaturally acute eyesight. (SInv)
Armour fits poorly on your strangely shaped body.
You can roll at nearby foes to attack.
You have a long armoured tail.


   Skills:
 - Level 3.0 Fighting
 - Level 6.0 Axes
 - Level 1.5 Armour
 - Level 0.7 Dodging
 + Level 4.1 Invocations


You had 5 spell levels left.
You didn't know any spells.
Your spell library was empty.

Inventory:

Hand Weapons
 a - a +1 hand axe (weapon)
Armour
 b - a +0 leather armour (worn)
Jewellery
 c - a ring of poison resistance
 g - a +6 ring of dexterity (left hand)
 i - a +4 ring of evasion (right hand)
 j - a ring of magical power
 n - a ring of protection from cold
Scrolls
 e - a scroll of fear {unknown}
 f - a scroll of blinking {unknown}
 h - a scroll of silence {unknown}
 k - 2 scrolls of identify {unknown}
 l - 2 scrolls of amnesia {unknown}
 m - a scroll of immolation {unknown}
 o - a scroll of torment {unknown}
 p - a scroll of teleportation {unknown}

Dungeon Overview and Level Annotations

Branches:
Dungeon (5/15)
 Temple: D:4-7

Altars:

.▒ ▒.▒..▒ . .
..▒.. £ ▒.
▒.▒.▒.▒ .▒▒▒
▒...▒.▒ ...
.....< ▒.▒
▒...▒
▒▒▒▒▒▒.▒▒▒...▒
▒.......Hs...▒
.▒.▒▒▒▒.▒▒▒▒..▒
.... ▒.▒ ▒..▒
.....▒▒†▒▒ ▒..▒
.........▒ ▒..▒
.....▒▒..▒▒▒..▒
..............▒
▒▒.▒▒▒▒.......▒
▒ ▒▒▒▒▒.▒▒▒


You could see a scorpion.


Message History

You hit the scorpion but do no damage.
The scorpion is heavily wounded.
You feel sick. The scorpion stings you!
* * * LOW HITPOINT WARNING * * *
Unknown command.
You barely miss the scorpion.
The scorpion is heavily wounded.
You feel very sick.
The scorpion stings you but does no damage.
You closely miss the scorpion.
The scorpion is heavily wounded.
You feel sick. The scorpion completely misses you. The scorpion stings you.
* * * LOW HITPOINT WARNING * * *
You are lethally poisoned!
The scorpion poisons you!
You hit the scorpion but do no damage.
The scorpion is heavily wounded.
* * * LOW HITPOINT WARNING * * *
You feel very sick. The scorpion closely misses you.
Unknown command.
It was a potion of attraction.
You feel attractive to monsters.
* * * LOW HITPOINT WARNING * * *
You feel very sick. The scorpion stings you.
You die...

Action                   |  1- 3 |  4- 6 || total
-------------------------+-------+-------++-------
Melee: Hand axe          |   114 |   118 ||   232
       Tailslap          |    12 |    18 ||    30
 Abil: Rolling Charge    |     3 |     5 ||     8
  Use: Potion            |       |     1 ||     1
 Stab: Distracted        |     1 |       ||     1
Armor: Leather armour    |    33 |    29 ||    62
Dodge: Dodged            |    74 |    87 ||   161

Levels and vault maps discovered:
D:1:      dpeg_arrival_oval, layout_basic
D:2:      layout_loops_ring, uniq_natasha
D:3:      layout_basic, uniq_pargi
D:5:      layout_loops_ring, marbit_many_paths, ebering_ghost_disaster_area

Notes
Turn   | Place    | Note
-------+----------+-------------------------------------------
     0 | Abyss:1  | sanka the Palentonga Abyssal Knight began the quest for the
                  | Orb.
     0 | Abyss:1  | Reached XP level 1. HP: 19/19 MP: 2/2
    55 | Abyss:1  | Found a corrupted altar of Lugonu.
    57 | D:1      | Escaped the Abyss
   315 | D:1      | Reached XP level 2. HP: 13/25 MP: 3/3
   578 | D:1      | Reached skill level 3 in Axes
  1074 | D:2      | Reached XP level 3. HP: 20/31 MP: 4/4
  1225 | D:2      | Reached ** piety under Lugonu
  1362 | D:2      | Noticed Natasha
  1850 | D:2      | Reached skill level 4 in Axes
  2064 | D:1      | Reached XP level 4. HP: 30/37 MP: 5/5
  2255 | D:2      | Killed Natasha
  2256 | D:2      | Reached skill level 5 in Axes
  2737 | D:3      | Reached XP level 5. HP: 37/43 MP: 6/6
  2796 | D:3      | Noticed Pargi
  2815 | D:3      | HP: 4/43 [Pargi (2)]
  2816 | D:3      | Killed Pargi
  2817 | D:3      | Reached skill level 6 in Axes
  2967 | D:2      | Noticed Natasha
  3098 | D:2      | Killed Natasha
  3185 | D:2      | Noticed Natasha
  3193 | D:2      | Killed Natasha
  3194 | D:2      | Reached skill level 3 in Invocations
  3194 | D:2      | Reached XP level 6. HP: 43/50 MP: 8/8
  4008 | D:3      | Reached skill level 4 in Invocations
  4155 | D:5      | Entered Level 5 of the Dungeon
  4223 | D:5      | HP: 3/50 [poisoned by a scorpion]
  4223 | D:5      | Slain by a scorpion

Vanquished Creatures
  Pargi (D:3)
  Natasha (thrice) (D:2)
  7 adders
  7 gnolls
  An orc (D:3)
  3 ball pythons
  A bat (D:1)
  6 endoplasms
  2 giant cockroaches
  6 goblins
  5 hobgoblins
  4 jackals (D:3)
  4 quokkas
  3 frilled lizards (D:2)
  6 kobolds
  3 rats
62 creatures vanquished.
